 Dungeon Crawl Stone Soup version 0.19-a0-687-g35db334 (webtiles) character file.

77 Geppetto the Bolt Thrower (level 4, -6/40 HPs)
             Began as a Minotaur Hunter on June 18, 2016.
             Mangled by Crazy Yiuf
             ... wielding a +4 quarterstaff of chaos
              (14 damage)
             ... on level 2 of the Dungeon.
             The game lasted 00:03:16 (1599 turns).

Geppetto the Bolt Thrower (Minotaur Hunter)         Turns: 1599, Time: 00:03:17

Health: -6/40      AC: 10    Str: 16    XL:     4   Next: 14%
Magic:  3/3        EV:  4    Int:  8    God:
Gold:   47         SH:  0    Dex: 12    Spells: 0 memorised, 3 levels left

rFire  . . .     SeeInvis .     a - +1 hand crossbow
rCold  . . .     Gourm    .     j - +0 plate armour
rNeg   . . .     Faith    .     (no shield)
rPois  .         Spirit   .     (helmet restricted)
rElec  .         Dismiss  .     (no cloak)
rCorr  .         Reflect  .     (no gloves)
SustAt .         Harm     .     (no boots)
MR     .....                    (no amulet)
Stlth  ..........               (no ring)
                                c - ring of flight

@: lethally poisoned (-6 -> -9), drained, not resistant to hostile enchantments,
extremely unstealthy
A: retaliatory headbutt, horns 2
a: Evoke Flight


You were on level 2 of the Dungeon.
You were not hungry.

You visited 1 branch of the dungeon, and saw 2 of its levels.

You collected 47 gold pieces.

Inventory:

Hand Weapons
 a - a +1 hand crossbow (weapon)
 b - a +0 short sword
Missiles
 d - 40 bolts (quivered)
Armour
 j - a +0 plate armour (worn)
Jewellery
 c - a ring of flight (left hand)
Scrolls
 e - 3 scrolls of remove curse
 g - a scroll of fog
Potions
 i - a potion of lignification {unknown}
Comestibles
 f - 2 bread rations


   Skills:
 + Level 3.8(3.2) Fighting
 * Level 5.6(4.9) Crossbows
 - Level 2.1(1.6) Dodging
 - Level 0.7(0.1) Stealth


You had 3 spell levels left.
You didn't know any spells.

Dungeon Overview and Level Annotations

Branches:
Dungeon (2/15)

Altars:
Sif Muna

Annotations:
D:2 Crazy Yiuf


Innate Abilities, Weirdness & Mutations

You reflexively headbutt those who attack you in melee.
You have a pair of horns on your head.


Message History

Press: ? - help, Shift-Dir - straight line, f/p - Crazy Yiuf
Aim: Crazy Yiuf, wielding a quarterstaff of chaos and wearing a cloak (berserk, fast, unusually strong)
You shoot a bolt. The bolt barely misses Crazy Yiuf.
Crazy Yiuf hits you with a quarterstaff of chaos.
You feel drained.
Crazy Yiuf hits you with a quarterstaff of chaos!
Space bends around you.
Crazy Yiuf rages.
Crazy Yiuf barely misses you.
Crazy Yiuf hits you with a quarterstaff of chaos!
* * * LOW HITPOINT WARNING * * *
You feel drained.
* * * LOW HITPOINT WARNING * * *
Crazy Yiuf rages.
Crazy Yiuf rages.
Crazy Yiuf hits you but does no damage.
You are poisoned.
You feel sick.
Crazy Yiuf hits you with a quarterstaff of chaos!
You die...

♣g♣* ###.####..#.### ###......
♣.♣ #..##......# ####### .♣♣
#.....###.## ##.#... ♣.♣♣ #######
#.# #######..#... ...♣♣
#.###.......##... ....♣
#..#..########... ....# ##...##
#####.. ..g.# ########.).###
##...... #...# #.....g@.....#
#..##...
##.#######....).......####.###...
#(............#.......)...# #...
#########.....#...(..###### #...
#######..(...# ##.. #......###
##. ####.....### ## #####...### #
###...#####


You could see Crazy Yiuf (berserk).

Vanquished Creatures
  Terence (D:2)
  An adder (D:2)
  A worm (D:2)
  3 giant geckos
  A ball python (D:2)
  3 giant cockroaches
  A goblin (D:1)
  3 hobgoblins
  6 jackals
  2 bats (D:1)
  2 giant newts
  7 kobolds
  4 rats
35 creatures vanquished.

Notes
Turn   | Place    | Note
--------------------------------------------------------------
     0 | D:1      | Geppetto the Minotaur Hunter began the quest for the Orb.
     0 | D:1      | Reached XP level 1. HP: 18/18 MP: 0/0
   394 | D:1      | Reached XP level 2. HP: 21/26 MP: 1/1
   977 | D:2      | Reached skill level 5 in Crossbows
   995 | D:2      | Reached XP level 3. HP: 26/31 MP: 2/2
  1164 | D:2      | Noticed Terence
  1201 | D:2      | Killed Terence
  1392 | D:2      | Reached XP level 4. HP: 37/40 MP: 3/3
  1517 | D:2      | Found a deep blue altar of Sif Muna.
  1572 | D:2      | Noticed Crazy Yiuf
  1599 | D:2      | Mangled by Crazy Yiuf

Vault maps used:
D:1:      nicolae_arrival_washed_ashore, minmay_tree_intersection,
          kennysheep_pointless_box
D:2:      lemuel_blue_sif_altar, first_bread, uniq_crazy_yiuf_cottage,
          uniq_terence

Skill      XL: |  1  2 |
---------------+-------+-----
Fighting       | 3 |  3.8
Crossbows      | 5 |  5.6
Dodging        | |  2.1
Stealth        | |  0.7

Action                   |  1- 3 |  4- 6 || total
-------------------------+-------+-------++-------
Melee: Short sword       |    93 |       ||    93
       Headbutt          |     9 |       ||     9
 Fire: Hand crossbow     |    15 |     4 ||    19
  Use: Scroll            |     4 |     2 ||     6
  Eat: Chunk             |     2 |       ||     2
Armor: Leather armour    |    15 |       ||    15
       Plate armour      |    28 |     2 ||    30
Dodge: Dodged            |    83 |     3 ||    86
